 Dungeon Crawl Stone Soup version 0.26.0-16-gc1dbca0489 (webtiles) character file.

Game seed: 8425767438571433038

200197 EnegeticOcto the Gelid (level 19, 0/140 HPs)
             Began as a Formicid Ice Elementalist on Jan 21, 2021.
             Was the Champion of Vehumet.
             Succumbed to a nagaraja's bolt of poison
             ... on level 4 of the Snake Pit.
             The game lasted 02:38:33 (13969 turns).

EnegeticOcto the Gelid (Formicid Ice Elementalist) Turns: 13969, Time: 02:38:34

Health: 0/140      AC: 10    Str: 12    XL:     19   Next: 67%
Magic:  25/53      EV: 14    Int: 25    God:    Vehumet [******]
Gold:   1274       SH: 18    Dex: 15    Spells: 4/42 levels left

rFire    + + .     SeeInvis +   a - staff of cold
rCold    + + .     Faith    +   P - +0 tower shield
rNeg     . . .     Spirit   .   L - +4 troll leather armour
rPois    .         Reflect  .   (helmet unavailable)
rElec    +         Harm     .   r - scarf {rC+ rF+}
rCorr    .         Rampage  .   (no gloves)
Will     +....                  H - +1 pair of boots of Darkness {rElec Int+3 Dex+4}
Stlth    ++........             G - amulet "Roataed" {Faith rF+}
HPRegen  0.73/turn              O - ring of magical power
MPRegen  0.33/turn              Y - ring of magical power

@: lethally poisoned (0 -> -8), no potions
A: permanent stasis, dig shafts and tunnels, four strong arms, antennae 3, weak
1
a: Dig, Shaft Self, Renounce Religion


You were on level 4 of the Snake Pit.
You worshipped Vehumet.
Vehumet was exalted by your worship.
You visited 6 branches of the dungeon, and saw 31 of its levels.
You visited 1 bazaar.
You also visited: Sewer, Ossuary, Gauntlet and Ice Cave.

You collected 3353 gold pieces.
You spent 2079 gold pieces at shops.

Inventory:

Hand Weapons
 b - a +0 glaive
   (You took it off a naga on level 2 of the Snake Pit)
 c - the +5 morningstar "Bieny" {flame, rPois Will+ Str+4 Int+2}
   (You took it off a deep elf annihilator on level 3 of the Elven Halls)

   It has been specially enchanted to burn those struck by it, causing extra
   injury to most foes and up to half again as much damage against particularly
   susceptible opponents.
   It affects your strength (+4).
   It affects your intelligence (+2).
   It protects you from poison.
   It affects your willpower, your defense against some magical effects.
 o - a +2 hand axe of distortion
   (You took it off an orc on level 12 of the Dungeon)
Missiles
 n - 2 throwing nets (quivered) {!f}
 X - 24 curare-tipped darts
Armour
 r - a scarf of resistance (worn)
   (You bought it in a shop on level 14 of the Dungeon)
 x - a +2 robe of the Archmagi
   (You took it off a deep elf annihilator on level 3 of the Elven Halls)
 y - the +3 leather armour of the Untouchables {rElec rPois rCorr Int+5}
   (You found it in an ice cave)

   It affects your intelligence (+5).
   It insulates you from electricity.
   It protects you from poison.
   It provides partial protection from all sources of acid and corrosion.
 H - the +1 pair of boots of Darkness (worn) {rElec Int+3 Dex+4}
   (You found it in a Gauntlet)

   It affects your intelligence (+3).
   It affects your dexterity (+4).
   It insulates you from electricity.
 L - a +4 troll leather armour (worn)
   (You found it on level 9 of the Dungeon)
 P - a +0 tower shield (worn)
   (You bought it in a shop on level 2 of the Orcish Mines)
Magical Staves
 a - an uncursed staff of cold (weapon)
   (You found it on level 3 of the Elven Halls)
 J - an uncursed staff of earth
   (You found it in a Gauntlet)
 K - an uncursed staff of fire
   (You found it on level 3 of the Elven Halls)
Jewellery
 e - an uncursed ring of willpower
   (You found it on level 15 of the Dungeon)
 k - an uncursed ring of positive energy
   (You found it on level 2 of the Dungeon)
 q - an uncursed ring of wizardry
   (You found it on level 3 of the Dungeon)
 G - the amulet "Roataed" (around neck) {Faith rF+}
   (You found it in a Gauntlet)

   [amulet of faith]

   It allows you to gain divine favour quickly.
   It protects you from fire.
 O - a ring of magical power (left hand)
   (You bought it in a shop on level 2 of the Orcish Mines)
 Q - the ring "Qoun" {rElec rN+ EV+4 Str-5 Int+3}
   (You found it in a Gauntlet)

   [ring of evasion]

   It affects your evasion (+4).
   It affects your strength (-5).
   It affects your intelligence (+3).
   It insulates you from electricity.
   It protects you from negative energy.
 Y - a ring of magical power (right hand)
   (You bought it in a shop on level 2 of the Orcish Mines)
Wands
 f - a wand of polymorph (14)
   (You found it on level 8 of the Dungeon)
 i - a wand of flame (101) {@v4}
   (You found it on level 10 of the Dungeon)
 s - a wand of digging (11) {@v3}
   (You found it in an ice cave)
 w - a wand of acid (17) {@v1}
   (You found it on level 4 of the Dungeon)
 z - a wand of iceblast (12) {@v2}
   (You found it on level 10 of the Dungeon)
 A - a wand of enslavement (19)
   (You found it on level 4 of the Dungeon)
 N - a wand of disintegration (11)
   (You found it on level 3 of the Elven Halls)
Scrolls
 d - 6 scrolls of magic mapping {@r5 !r}
 j - a scroll of vulnerability
 l - 18 scrolls of remove curse {@r2}
 m - 8 scrolls of fear {!r}
 t - 3 scrolls of identify {@r1}
 D - 3 scrolls of torment
 E - 5 scrolls of fog {!r}
 R - 2 scrolls of summoning
 T - 4 scrolls of immolation
 W - a scroll of silence
Potions
 g - 3 potions of attraction
 h - 3 potions of brilliance
 p - 8 potions of flight
 u - 12 potions of curing {@q1 !q}
 v - 10 potions of might {@q3 !q}
 B - 5 potions of heal wounds {@q2 !q}
 C - 4 potions of invisibility
 F - 10 potions of lignification {@q6}
 I - 2 potions of mutation
 M - 5 potions of cancellation
 S - 3 potions of ambrosia
 U - 2 potions of resistance
Miscellaneous
 V - a condenser vane
   (You found it on level 4 of the Lair of Beasts)
 Z - a phial of floods (inert)
   (You found it on level 6 of the Lair of Beasts)


   Skills:
 - Level 10.0 Fighting
 - Level 4.0 Armour
 - Level 5.0 Dodging
 - Level 2.4 Stealth
 - Level 15.0 Shields
 - Level 12.0 Spellcasting
 - Level 4.0 Conjurations
 - Level 5.0 Summonings
 - Level 6.0 Necromancy
 - Level 8.0 Translocations
 - Level 11.0 Transmutations
 + Level 20.3 Ice Magic
 - Level 5.0 Evocations


You had 4 spell levels left.
You knew the following spells:

 Your Spells              Type           Power        Failure   Level
a - Hailstorm             Conj/Ice       85%          1%          4
b - Ozocubu's Refrigerat  Ice            54%          1%          6
c - Passage of Golubria   Tloc           N/A          1%          4
d - Irradiate             Conj/Tmut      25%          1%          5
e - Ozocubu's Armour      Ice            100%         0%          3
f - Sublimation of Blood  Necr           22%          1%          2
g - Absolute Zero         Ice            54%          30%         9
h - Summon Ice Beast      Ice/Summ       87%          1%          4
z - Apportation           Tloc           100%         1%          1

Your spell library contained the following spells:

 Spells                   Type           Power        Failure   Level
 Chain Lightning          Conj/Air       12%          100%        8
 Ignition                 Fire           7%           100%        8
 Freeze                   Ice            100%         0%          1
 Frozen Ramparts          Ice            100%         0%          3
 Foxfire                  Conj/Fire      100%         1%          1
 Magic Dart               Conj           100%         1%          1
 Sandblast                Erth           30%          1%          1
 Shock                    Conj/Air       100%         1%          1
 Ensorcelled Hibernation  Hex/Ice        100%         1%          2
 Passwall                 Tmut/Erth      35%          1%          2
 Searing Ray              Conj           70%          1%          2
 Conjure Flame            Conj/Fire      25%          1%          3
 Gell's Gravitas          Tloc           26%          1%          3
 Ignite Poison            Fire/Tmut/Pois 33%          1%          3
 Lesser Beckoning         Tloc           26%          1%          3
 Static Discharge         Conj/Air       25%          1%          3
 Stone Arrow              Conj/Erth      50%          1%          3
 Teleport Other           Tloc           53%          1%          3
 Ice Form                 Ice/Tmut       96%          1%          4
 Mephitic Cloud           Conj/Pois/Air  21%          2%          3
 Portal Projectile        Hex/Tloc       70%          3%          3
 Corona                   Hex            16%          4%          1
 Inner Flame              Hex/Fire       15%          4%          3
 Petrify                  Tmut/Erth      42%          5%          4
 Fulminant Prism          Conj/Hex       12%          6%          4
 Sticky Flame             Conj/Fire      25%          6%          4
 Poisonous Vapours        Pois/Air       30%          8%          2
 Slow                     Hex            15%          8%          2
 Airstrike                Air            7%           13%         4
 Confusing Touch          Hex            15%          16%         3
 Summon Lightning Spire   Summ/Air       27%          19%         4
 Cause Fear               Hex            7%           45%         4
 Leda's Liquefaction      Hex/Erth       7%           45%         4
 Metabolic Englaciation   Hex/Ice        39%          2%          5
 Simulacrum               Ice/Necr       44%          3%          6
 Yara's Violent Unravell  Hex/Tmut       21%          4%          5
 Freezing Cloud           Conj/Ice/Air   35%          8%          6
 Summon Forest            Summ/Tloc      23%          10%         5
 Alistair's Intoxication  Tmut/Pois      28%          14%         5
 Fireball                 Conj/Fire      12%          16%         5
 Lightning Bolt           Conj/Air       12%          16%         5
 Summon Demon             Summ           20%          19%         5
 Bolt of Magma            Conj/Fire/Erth 10%          21%         5
 Eringya's Noxious Bog    Tmut/Pois      21%          21%         6
 Lee's Rapid Deconstruct  Erth           7%           32%         5
 Summon Mana Viper        Hex/Summ       27%          45%         5
 Iron Shot                Conj/Erth      12%          61%         6
 Shadow Creatures         Summ           N/A          69%         6
 Silence                  Hex/Air        7%           80%         5
 Spellforged Servitor     Conj/Summ      18%          82%         7
 Summon Hydra             Summ           20%          99%         7
 Shatter                  Erth           7%           100%        9
 Tornado                  Air            7%           100%        9
 Blink                    Tloc           Unusable     N/A         2
 Swiftness                Air            Unusable     N/A         2

Dungeon Overview and Level Annotations

Branches:
Dungeon (15/15)            Temple (1/1) D:5            Lair (6/6) D:9
 Shoals (0/4) Lair:4        Snake (4/4) Lair:2        Slime (0/5) Lair:6
    Orc (2/2) D:10            Elf (3/3) Orc:2        Vaults (0/5) D:14
 Depths (0/5) D:15          Sewer (visited)         Ossuary (visited)
  IceCv (visited)         Gauntlet (visited)

Altars:
Ashenzari
Cheibriados
Dithmenos
Elyvilon
Fedhas
Gozag
Hepliaklqana
Kikubaaqudgha
Makhleb
Nemelex Xobeh
Okawaru
Qazlal
Ru
Sif Muna
Trog
Uskayaw
Vehumet
Wu Jian
Xom
Yredelemnul
Zin
The Shining One
Beogh
Jiyva

Shops:
D:9 !   D:14 ([   Orc:2 **:=

Portals:
Trove: D:10 (give 11 potions of heal wounds)

Annotations:
D:3 Terence
D:6 1 runed translucent door
D:12 3 runed translucent doors, Mocet's ghost, journeyman GnVM
Lair:4 exclusion: 3 oklob plants


Innate Abilities, Weirdness & Mutations

You cannot be hasted, slowed, berserked, paralysed or teleported.
You can dig through walls and to a lower floor.
Your four strong arms can wield two-handed weapons with a shield.
You have a pair of large antennae on your head. (SInv)
You are weak. (Str -2)


Message History

The naga warrior spits poison at you.
The splash of poison hits you but does no damage.
You are poisoned.
Casting: Ozocubu's Refrigeration (safe; 1% risk of failure)
Confirm with . or Enter, or press ? or * to list all spells.
You feel a surge of power!
The heat is drained from your surroundings.
You resist.
You feel very cold.
The naga warriors are frozen.
You kill the naga warrior!
Vehumet accepts your kill.
You feel your power returning.
The naga warrior is almost dead.
You feel sick. The naga warrior misses you.
Casting: Ozocubu's Refrigeration (safe; 1% risk of failure)
Confirm with . or Enter, or press ? or * to list all spells.
You feel a surge of power!
The heat is drained from your surroundings.
You resist.
You feel very cold.
The naga warrior is frozen.
You kill the naga warrior!
Vehumet accepts your kill.
You feel your power returning.
You feel sick.
Things that are here:
a +0 shortbow; a +0 mace; 18 arrows You feel sick.
You feel sick.
A nagaraja comes into view. It is wielding a +0 whip.
The nagaraja shouts!
You hear a shout!
The nagaraja spits poison at you. You block the splash of poison.
You hear a shout! x3
You hear a shout! x3
The nagaraja gestures wildly while chanting.
The nagaraja seems to speed up.
You hear a shout! x6
A naga comes into view. It is wielding a +0 halberd.
The naga shouts!
The nagaraja gestures at you while chanting.
The bolt of poison hits you!!!
You are more poisoned.
Casting: Ozocubu's Refrigeration (safe; 1% risk of failure)
Confirm with . or Enter, or press ? or * to list all spells.
You feel a surge of power!
The heat is drained from your surroundings.
You resist.
You feel very cold.
The naga and the nagaraja are frozen.
The naga is almost dead.
The nagaraja is moderately wounded.
You feel sick. The nagaraja spits poison at you.
You block the splash of poison.
Casting: Ozocubu's Refrigeration (safe; 1% risk of failure)
Confirm with . or Enter, or press ? or * to list all spells.
You feel a surge of power!
The heat is drained from your surroundings.
You resist.
You feel very cold.
The naga and the nagaraja are frozen.
You kill the naga!
Vehumet accepts your kill.
You feel your power returning.
The nagaraja is heavily wounded.
You feel sick.
The nagaraja gestures at you while chanting.
The bolt of poison hits you!!!
You are more poisoned.
* * * LOW HITPOINT WARNING * * *
A naga comes into view. It is wielding a +0 scimitar.
Unknown command.
Evoke which item? (* to show all) (? for menu, Esc to quit)
Aim the phial where?
Press: ? - help, Shift-Dir - straight line, f - nagaraja
Aim: a nagaraja, wielding a +0 whip and wearing a +0 robe (heavily wounded, fast, catching its breath)
The torrent of water hits the nagaraja!!
The nagaraja is severely wounded.
The wave splashes down.
The nagaraja is engulfed in water.
* * * LOW HITPOINT WARNING * * *
You feel very sick.
You hear a shout!
A guardian serpent comes into view.
* * * LOW HITPOINT WARNING * * *
You feel very sick.
* * * LOW HITPOINT WARNING * * *
You feel very sick. You block the nagaraja's attack. x2
* * * LOW HITPOINT WARNING * * *
You feel very sick.
* * * LOW HITPOINT WARNING * * *
You feel sick. The nagaraja spits poison at you.
The splash of poison misses you.
* * * LOW HITPOINT WARNING * * *
You feel sick.
* * * LOW HITPOINT WARNING * * *
You feel very sick.
Unknown command.
Unknown command.
Evoke which item? (* to show all) (? for menu, Esc to quit)
Aiming: Corrosive Bolt
Press: ? - help, Shift-Dir - straight line, f/p - nagaraja
Aim: a nagaraja, wielding a +0 whip and wearing a +0 robe (severely wounded, fast, catching its breath, waterlogged, 26% to evade)
The bolt of acid misses the nagaraja.
You die...

##..)).##.
########.)...##
###.....###.....#
##.....{Sā‰ˆ.##....#
##....{.ā‰ˆ{ā‰ˆ..##....
#.....####{ā‰ˆ..##...
#.).###{ {.S.##..
##.N.#{ { {.. #..
#.)@## NS #.. #..)# { {
. #.. #...# {{ { #..
#)).# { #.) #..)# ##))
#...## #.(. ##.).##
##.(. #....### ###.(.#
##.....######..(..#


You could see a nagaraja (fast, catching breath, waterlogged).

Vanquished Creatures
  Jorgrun (D:14)
  2 deep elf blademasters (Elf:3)
  2 deep elf master archers (Elf:3)
  Frances (Snake:1)
  Agnes (D:14)
  Kirke (D:14)
  7 nagarajas
  3 deep elf sorcerers (Elf:3)
  Aizul (Snake:1)
  7 deep elf elementalists (Elf:3)
  An ironheart preserver (D:14)
  Louise (D:15)
  12 deep elf annihilators
  A minotaur (Gauntlet)
  9 deep elf demonologists (Elf:3)
  3 deep elf death magi (Elf:3)
  Snorg (D:11)
  A death ooze (Gauntlet)
  A deep elf high priest (Elf:3)
  8 naga warriors
  5 hydras
  A boulder beetle (Lair:6)
  2 centaur warriors
  2 ogre magi
  3 anacondas
  20 death yaks
  3 catoblepae (Lair:6)
  8 two-headed ogres
  4 shock serpents
  A vampire mage (D:15)
  8 naga sharpshooters
  Nergalle (Orc:1)
  4 deep elf knights
  A titan skeleton (D:15)
  A skeletal warrior (D:15)
  4 unseen horrors
  A deep troll (Orc:2)
  2 salamander mystics (Snake:3)
  4 naga ritualists
  2 wolf spider zombies (D:14)
  2 deep elf archers
  A lindwurm (Lair:3)
  A necromancer (D:15)
  6 mana vipers
  3 orc sorcerers
  4 orc knights
  21 deep elf magi
  12 ugly things
  2 manticores
  A worldbinder (Gauntlet)
  5 cyclopes
  6 salamanders
  A fire giant skeleton (D:15)
  A moth of wrath (Gauntlet)
  11 elephants
  A frost giant skeleton (D:15)
  3 guardian serpents
  13 naga magi
  14 black mambas
  A torpor snail (Lair:5)
  2 gargoyles
  6 cane toads
  A centaur skeleton (D:14)
  A rime drake (Lair:6)
  A freezing wraith (D:15)
  A kobold demonologist (D:13)
  8 komodo dragons
  4 trolls
  A jumping spider (shapeshifter) (D:7)
  A hornet (Lair:4)
  A slime creature (D:15)
  3 polar bears
  An ettin zombie (D:15)
  8 blink frogs
  3 air elementals
  3 redbacks (Gauntlet)
  2 wyverns
  2 wraiths
  2 shadows (D:10)
  4 hogs (D:14)
  2 fire bats (Lair:2)
  49 yaks
  A basilisk (D:11)
  35 nagas
  The ghost of Gauvater the Sneak, an amateur OpFE (D:4)
  An acid dragon (D:13)
  2 wargs
  A soldier ant (D:11)
  2 water moccasins
  A hornet zombie (D:14)
  14 orc warriors
  A phantom (D:7)
  6 ice beasts
  2 sky beasts
  3 boggarts (Gauntlet)
  18 ogres
  12 wolves
  6 centaurs
  A lemure (D:5)
  2 big kobolds
  Blork the orc (D:4)
  A nameless horror (D:11)
  2 earth elementals (Elf:1)
  8 bullfrogs
  2 water moccasin zombies (Ossuary)
  5 scorpions
  2 troll zombies (D:10)
  6 wights
  9 killer bees
  A howler monkey (D:12)
  A bullfrog zombie (D:12)
  A crimson imp (D:5)
  3 jellies
  2 quasits
  3 centaur zombies
  6 hounds
  15 orc priests
  18 orc wizards
  An iguana (D:3)
  5 hell rats
  5 worker ants
  3 big kobold zombies (Ossuary)
  5 ogre zombies (D:10)
  A hound zombie (D:7)
  2 hound skeletons
  2 mummies (Ossuary)
  A worker ant zombie (D:10)
  12 adders
  8 gnolls
  A howler monkey skeleton (D:4)
  3 river rats
  3 shadow imps
  A white imp (D:10)
  An adder skeleton (D:9)
  5 adder zombies (Ossuary)
  3 worms
  5 dart slugs
  8 leopard geckos
  61 orcs
  5 ball pythons
  10 bats
  5 giant cockroaches
  13 goblins
  11 hobgoblins
  7 jackals
  18 kobolds
  2 quokkas
  A ball python skeleton (D:4)
  5 frilled lizards
  A goblin skeleton (D:5)
  3 goblin zombies (D:10)
  A hobgoblin skeleton (D:10)
  7 hobgoblin zombies
  7 kobold zombies
  An orc skeleton (D:10)
  18 orc zombies
  11 rats
  A spectral orc (D:7)
814 creatures vanquished.

Vanquished Creatures (collateral kills)
  A deep elf death mage (Elf:3)
  The ghost of Jannitor the Protected, a journeyman BaWn of Nemelex Xobeh (Lair:1)
  A boulder beetle (Lair:6)
  2 hydras
  A naga warrior (Snake:4)
  A centaur warrior (D:13)
  A catoblepas (Lair:6)
  5 two-headed ogres
  An ogre mage (Orc:2)
  11 death yaks
  An orc high priest (Orc:1)
  A deep troll (Orc:2)
  A lindwurm (Lair:5)
  Pikel (D:5)
  An oklob plant (Lair:4)
  A slime creature (D:15)
  4 ugly things
  A manticore (Lair:6)
  4 black mambas
  6 elephants (Lair:6)
  2 centaur zombies
  A gargoyle (D:12)
  A torpor snail (Lair:6)
  4 rime drakes
  5 cane toads
  6 komodo dragons
  A guardian mummy (D:15)
  2 polar bears
  12 trolls
  9 blink frogs
  A meliai zombie (D:14)
  2 centaur simulacra (D:14)
  3 wyverns
  A fire elemental (Lair:2)
  A wraith (D:14)
  20 yaks
  3 hogs (D:14)
  2 basilisks
  5 nagas
  Duvessa (D:5)
  10 water moccasins
  A necrophage (D:9)
  A sky beast (D:6)
  4 orc warriors
  2 ice beasts
  14 ogres
  A lemure (D:5)
  A big kobold (Sewer)
  14 bullfrogs
  3 water moccasin zombies (Ossuary)
  Dowan (D:5)
  A troll zombie (D:10)
  A killer bee (D:13)
  3 howler monkeys (D:7)
  A quasit (D:10)
  3 centaur skeletons
  3 hounds
  4 jellies
  5 orc wizards
  4 orc priests
  Crazy Yiuf (D:4)
  4 hell rats
  6 worker ants
  A hound skeleton (D:10)
  A howler monkey zombie (D:5)
  A worker ant zombie (D:10)
  A gnoll (D:8)
  4 adders
  2 river rats (D:6)
  A shadow imp (D:10)
  4 white imps
  An adder zombie (D:7)
  16 orcs
  A giant cockroach (D:5)
  5 jackals
  A kobold (Sewer)
  A hobgoblin zombie (Ossuary)
  An orc skeleton (D:5)
  5 orc zombies
  A quokka skeleton (D:5)
263 creatures vanquished.

Vanquished Creatures (others)
  An ugly thing (IceCv)
  A deep elf mage (Elf:1)
  2 orcs (D:7)
  14 demonic plants (Gauntlet)
  32 fungi
  56 plants
  10 withered plants
116 creatures vanquished.

Grand Total: 1193 creatures vanquished

Notes
Turn   | Place    | Note
-------+----------+-------------------------------------------
     0 | D:1      | EnegeticOcto the Formicid Ice Elementalist began the quest
                  | for the Orb.
     0 | D:1      | Reached XP level 1. HP: 13/13 MP: 3/3
   112 | D:1      | Reached XP level 2. HP: 13/19 MP: 0/5
   198 | D:1      | Reached XP level 3. HP: 10/24 MP: 0/6
   202 | D:1      | Learned a level 3 spell: Frozen Ramparts
   224 | D:1      | Reached skill level 5 in Ice Magic
   481 | D:1      | Reached XP level 4. HP: 26/30 MP: 4/7
   810 | D:2      | Found a shimmering altar of Xom.
   896 | D:2      | Found a bloodstained altar of Trog.
   938 | D:2      | Reached XP level 5. HP: 32/35 MP: 2/8
   944 | D:2      | Learned a level 4 spell: Summon Ice Beast
   970 | D:2      | Reached skill level 6 in Ice Magic
  1121 | D:3      | Found a shadowy altar of Dithmenos.
  1327 | D:3      | Found an ancient bone altar of Kikubaaqudgha.
  1410 | D:3      | Noticed Terence
  1421 | D:3      | Reached XP level 6. HP: 32/41 MP: 6/9
  1577 | D:4      | Reached skill level 7 in Ice Magic
  1590 | D:4      | Noticed an ogre
  1608 | D:4      | Killed an ogre
  1609 | D:4      | Reached XP level 7. HP: 41/46 MP: 2/10
  1626 | D:4      | Noticed Blork the orc
  1635 | D:4      | Killed Blork the orc
  1636 | D:4      | Reached skill level 8 in Ice Magic
  1670 | D:4      | Found a runed translucent gate.
  1671 | D:4      | Found a runed translucent gate.
  1672 | D:4      | Found a runed translucent gate.
  1677 | D:4      | Noticed Gauvater's ghost (amateur OpFE)
  1707 | D:4      | Killed Gauvater's ghost
  1708 | D:4      | Reached skill level 1 in Fighting
  1708 | D:4      | Reached skill level 1 in Summonings
  1816 | D:4      | Found a runed translucent door.
  1817 | D:4      | Noticed Crazy Yiuf
  1823 | D:4      | Killed Crazy Yiuf
  1890 | D:4      | Reached skill level 2 in Fighting
  1890 | D:4      | Reached skill level 3 in Spellcasting
  1932 | D:4      | Reached skill level 2 in Summonings
  2044 | D:4      | Found a blossoming altar of Fedhas.
  2063 | D:5      | Entered Level 5 of the Dungeon
  2085 | D:5      | Found a stormy altar of Qazlal.
  2195 | D:5      | Reached XP level 8. HP: 47/57 MP: 8/13
  2201 | D:5      | Found a staircase to the Ecumenical Temple.
  2231 | Temple   | Entered the Ecumenical Temple
  2323 | D:5      | Reached skill level 3 in Fighting
  2325 | D:5      | Reached skill level 3 in Summonings
  2389 | D:5      | Noticed Pikel
  2475 | D:5      | Killed Pikel
  2476 | D:5      | Reached skill level 4 in Fighting
  2476 | D:5      | Reached skill level 4 in Spellcasting
  2476 | D:5      | Reached skill level 5 in Summonings
  2558 | D:5      | Reached XP level 9. HP: 41/65 MP: 11/15
  2565 | D:5      | Reached skill level 1 in Evocations
  2666 | D:5      | Found a glowing golden altar of the Shining One.
  2732 | D:5      | Reached skill level 2 in Evocations
  2748 | D:5      | Noticed Duvessa
  2748 | D:5      | Noticed Dowan
  2758 | D:5      | Killed Dowan
  2758 | D:5      | Killed Duvessa
  2759 | D:5      | Reached skill level 5 in Spellcasting
  2876 | D:6      | Found a snail-covered altar of Cheibriados.
  2890 | D:6      | Reached skill level 9 in Ice Magic
  2893 | D:6      | Found a bloodstained altar of Trog.
  2893 | D:6      | Found a hazy altar of Hepliaklqana.
  2953 | D:6      | Found a glowing drain.
  2961 | Sewer    | Entered a sewer
  3022 | Sewer    | Reached skill level 3 in Evocations
  3034 | Sewer    | Found a glowing silver altar of Zin.
  3108 | D:6      | Found a glowing golden altar of the Shining One.
  3108 | D:6      | Found a runed translucent door.
  3108 | D:6      | Noticed an angel
  3199 | D:6      | Found a radiant altar of Vehumet.
  3212 | D:6      | Became a worshipper of Vehumet
  3499 | D:7      | Reached skill level 4 in Evocations
  3500 | D:7      | Reached XP level 10. HP: 53/71 MP: 4/18
  3551 | D:7      | Found a sand-covered staircase.
  3568 | D:7      | Reached skill level 10 in Ice Magic
  3594 | Ossuary  | Entered an ossuary
  3619 | Ossuary  | Reached * piety under Vehumet
  3619 | Ossuary  | Offered knowledge of Sandblast by Vehumet.
  3646 | Ossuary  | Reached skill level 6 in Spellcasting
  3851 | D:7      | Found a basalt altar of Yredelemnul.
  3888 | D:7      | Reached ** piety under Vehumet
  3888 | D:7      | Offered knowledge of Foxfire by Vehumet.
  3892 | D:7      | Reached skill level 5 in Evocations
  3892 | D:7      | Noticed a glowing shapeshifter
  3892 | D:7      | a sky beast changed into a glowing shapeshifter
  3892 | D:7      | Noticed a faun
  3892 | D:7      | a glowing shapeshifter changed into a faun
  3895 | D:7      | Noticed a death drake
  3895 | D:7      | a faun changed into a death drake
  3899 | D:7      | a death drake changed into a jumping spider
  3910 | D:7      | Reached skill level 11 in Ice Magic
  4095 | D:8      | Learned a level 5 spell: Irradiate
  4113 | D:8      | Learned a level 3 spell: Ozocubu's Armour
  4188 | D:8      | Reached skill level 1 in Transmutations
  4359 | D:8      | Noticed a two-headed ogre
  4383 | D:8      | Killed a two-headed ogre
  4384 | D:8      | Reached skill level 2 in Transmutations
  4419 | D:8      | Offered knowledge of Mephitic Cloud by Vehumet.
  4641 | D:8      | Reached *** piety under Vehumet
  4748 | D:8      | Reached skill level 5 in Fighting
  4774 | D:9      | Found a staircase to the Lair.
  4869 | D:9      | Found Becar's Distillery.
  4885 | D:9      | Found an ornate altar of the Wu Jian Council.
  4931 | D:9      | Offered knowledge of Inner Flame by Vehumet.
  5060 | D:9      | Reached skill level 3 in Transmutations
  5164 | D:10     | Entered Level 10 of the Dungeon
  5170 | D:10     | Reached XP level 11. HP: 74/80 MP: 18/20
  5180 | D:10     | Found a portal to a secret trove of treasure.
  5281 | D:9      | Bought a potion of experience for 650 gold pieces
  5281 | D:9      | Reached skill level 11 in Transmutations
  5281 | D:9      | Reached XP level 12. HP: 86/86 MP: 19/21
  5319 | D:10     | Learned a level 2 spell: Sublimation of Blood
  5393 | D:10     | Noticed a two-headed ogre
  5400 | D:10     | Killed a two-headed ogre
  5476 | D:10     | Reached skill level 1 in Necromancy
  5476 | D:10     | Reached skill level 12 in Ice Magic
  5618 | D:10     | Reached skill level 1 in Conjurations
  5645 | D:10     | Reached **** piety under Vehumet
  5651 | D:10     | Found a staircase to the Orcish Mines.
  5663 | D:10     | Offered knowledge of Lightning Bolt by Vehumet.
  5678 | D:10     | Reached skill level 2 in Necromancy
  5748 | D:10     | Reached skill level 6 in Fighting
  5803 | Orc:1    | Entered Level 1 of the Orcish Mines
  5804 | Orc:1    | Noticed Nergalle
  5804 | Orc:1    | Noticed an orc high priest
  5820 | Orc:1    | Reached skill level 2 in Conjurations
  5826 | Orc:1    | Killed Nergalle
  5828 | Orc:1    | Killed an orc high priest
  5829 | Orc:1    | Reached skill level 3 in Necromancy
  5900 | Orc:1    | Found a roughly hewn altar of Beogh.
  5937 | Orc:1    | Reached ***** piety under Vehumet
  5987 | Orc:2    | Entered Level 2 of the Orcish Mines
  5997 | Orc:2    | Offered knowledge of Fireball by Vehumet.
  6004 | Orc:2    | Reached skill level 3 in Conjurations
  6019 | Orc:2    | Learned a level 4 spell: Hailstorm
  6038 | Orc:2    | Found a staircase to the Elven Halls.
  6191 | Orc:1    | Reached skill level 7 in Fighting
  6269 | Orc:2    | Reached skill level 4 in Necromancy
  6320 | Orc:2    | Noticed a deep troll
  6325 | Orc:2    | Killed a deep troll
  6326 | Orc:2    | Reached skill level 7 in Spellcasting
  6412 | Orc:2    | Noticed an ogre mage
  6412 | Orc:2    | Noticed a two-headed ogre
  6428 | Orc:2    | Killed an ogre mage
  6439 | Orc:2    | Killed a two-headed ogre
  6440 | Orc:2    | Reached skill level 8 in Spellcasting
  6536 | Orc:2    | Noticed an ogre mage
  6537 | Orc:2    | Noticed a two-headed ogre
  6557 | Orc:2    | Killed a two-headed ogre
  6558 | Orc:2    | Reached skill level 9 in Spellcasting
  6558 | Orc:2    | Reached XP level 13. HP: 96/96 MP: 7/26
  6644 | Orc:2    | Reached skill level 10 in Spellcasting
  6759 | Orc:2    | Reached skill level 11 in Spellcasting
  6837 | Orc:2    | Found Ukagrext's Assorted Antiques.
  6847 | Orc:2    | Found Jaseporr's General Store.
  6853 | Orc:2    | Found Nidoun's Book Boutique.
  6854 | Orc:2    | Found Suplih's Jewellery Boutique.
  6975 | Orc:2    | Bought an uncursed ring of magical power for 240 gold
                  | pieces
  6977 | Orc:2    | Bought an uncursed ring of magical power for 240 gold
                  | pieces
  6985 | Orc:2    | Bought a +0 tower shield for 67 gold pieces
  6990 | Orc:2    | Bought a scroll of enchant armour for 195 gold pieces
  6990 | Orc:2    | Bought a scroll labelled FOLYJEJIGA for 26 gold pieces
  6990 | Orc:2    | Bought a scroll labelled SONEQA JEGAISIOSH for 26 gold
                  | pieces
  6990 | Orc:2    | Bought a scroll of immolation for 91 gold pieces
  7091 | Orc:1    | Reached skill level 1 in Shields
  7188 | Lair:1   | Entered Level 1 of the Lair of Beasts
  7205 | Lair:1   | Reached skill level 2 in Shields
  7211 | Lair:1   | Noticed a seven-headed hydra
  7214 | Lair:1   | Killed a seven-headed hydra
  7214 | Lair:1   | Offered knowledge of Sticky Flame by Vehumet.
  7215 | Lair:1   | Reached skill level 3 in Shields
  7315 | Lair:1   | Found a runed translucent door.
  7386 | Lair:1   | Noticed a four-headed hydra
  7392 | Lair:1   | Killed a four-headed hydra
  7393 | Lair:1   | Reached skill level 12 in Spellcasting
  7435 | Lair:1   | Noticed Jannitor's ghost (journeyman BaWn)
  7449 | Lair:1   | Killed Jannitor's ghost
  7450 | Lair:1   | Reached skill level 4 in Shields
  7453 | Lair:1   | Identified Jydun's Papyrus of Warped Clay
  7457 | Lair:1   | Learned a level 1 spell: Apportation
  7530 | Lair:1   | Found a gate leading to a gauntlet.
  7559 | Gauntlet | Entered a Gauntlet
  7559 | Gauntlet | Found a transporter.
  7564 | Gauntlet | Found a transporter.
  7564 | Gauntlet | Noticed a death ooze
  7570 | Gauntlet | Killed a death ooze
  7571 | Gauntlet | Reached skill level 5 in Shields
  7571 | Gauntlet | Reached skill level 1 in Translocations
  7573 | Gauntlet | Found a transporter.
  7573 | Gauntlet | Found a transporter.
  7576 | Gauntlet | Noticed a ghost crab
  7583 | Gauntlet | Found a transporter.
  7591 | Gauntlet | Found a transporter.
  7602 | Gauntlet | Found a transporter.
  7607 | Gauntlet | Identified the +9 hand crossbow "Fonil" {flame, +Blink rN+
                  | Str+4 Dex-5 Stlth+} (You found it in a Gauntlet)
  7656 | Gauntlet | Found a transporter.
  7660 | Gauntlet | Reached skill level 2 in Translocations
  7666 | Gauntlet | Got a transparent ruby amulet
  7668 | Gauntlet | Identified the +1 pair of boots of Darkness {rElec Int+3
                  | Dex+4} (You found it in a Gauntlet)
  7680 | Gauntlet | Identified the amulet "Roataed" {Faith rF+} (You found it
                  | in a Gauntlet)
  7715 | Gauntlet | Found a transporter.
  7717 | Gauntlet | Found a transporter.
  7745 | Gauntlet | Noticed a minotaur
  7753 | Gauntlet | Killed a minotaur
  7754 | Gauntlet | Reached skill level 6 in Shields
  7761 | Gauntlet | Identified the Reference Book on Snow
  7761 | Gauntlet | Identified the Incunabulum of Enchanting Attacks
  7762 | Gauntlet | Identified the ring "Qoun" {rElec rN+ EV+4 Str-5 Int+3}
                  | (You found it in a Gauntlet)
  7799 | Lair:2   | Reached XP level 14. HP: 89/103 MP: 22/30
  7808 | Lair:2   | Reached skill level 3 in Translocations
  7901 | Lair:2   | Found a staircase to the Snake Pit.
  7995 | Lair:2   | Reached skill level 7 in Shields
  8187 | Lair:2   | You fall into a shaft and drop 1 floor!
  8247 | Lair:3   | Reached skill level 4 in Translocations
  8257 | Lair:3   | Reached skill level 8 in Shields
  8265 | Lair:3   | Reached skill level 9 in Shields
  8408 | Lair:3   | Offered knowledge of Orb of Destruction by Vehumet.
  8409 | Lair:3   | Reached skill level 10 in Shields
  8531 | Lair:3   | Identified the +0 leather armour of the New World {rPois}
                  | (You found it on level 3 of the Lair of Beasts)
  8580 | Lair:3   | Reached skill level 11 in Shields
  8586 | Lair:3   | Reached skill level 12 in Shields
  8600 | Lair:3   | Gained mutation: You are weak. (Str -2) [mutagenic glow]
  8690 | Lair:3   | You fall into a shaft and drop 1 floor!
  8711 | Lair:4   | Reached skill level 13 in Shields
  8831 | Lair:4   | Reached XP level 15. HP: 75/108 MP: 14/31
  9055 | Lair:4   | Found a staircase to the Shoals.
  9164 | Lair:4   | You fall into a shaft and drop 1 floor!
  9198 | Lair:5   | Reached skill level 14 in Shields
  9322 | Lair:5   | Offered knowledge of Conjure Ball Lightning by Vehumet.
  9479 | Lair:5   | Reached skill level 15 in Shields
  9483 | Lair:5   | Reached skill level 2 in Dodging
  9502 | Lair:5   | Reached skill level 1 in Armour
  9625 | Lair:5   | You fall into a shaft and drop 1 floor!
  9625 | Lair:6   | Entered Level 6 of the Lair of Beasts
  9645 | Lair:6   | Reached skill level 2 in Armour
  9669 | Lair:6   | Identified the +3 leather armour of Going Fast {rCorr
                  | Str+3} (You found it on level 6 of the Lair of Beasts)
  9708 | Lair:6   | Reached skill level 3 in Dodging
  9795 | Lair:6   | Found a viscous altar of Jiyva.
  9795 | Lair:6   | Found a staircase to the Slime Pits.
  9827 | Lair:6   | Reached skill level 4 in Conjurations
  9829 | Lair:6   | Reached skill level 5 in Necromancy
  9831 | Lair:6   | Reached skill level 3 in Armour
  9932 | Lair:6   | Reached skill level 8 in Fighting
  9936 | Lair:6   | Reached ****** piety under Vehumet
  9936 | Lair:6   | Offered knowledge of Iskenderun's Battlesphere by Vehumet.
 10020 | Lair:6   | Reached skill level 4 in Armour
 10021 | Lair:6   | Identified the +0 pair of boots "Suengyan" {Harm +Blink}
                  | (You found it on level 6 of the Lair of Beasts)
 10106 | Lair:6   | Reached skill level 4 in Dodging
 10117 | Lair:6   | Reached XP level 16. HP: 75/118 MP: 23/32
 10127 | Lair:6   | Reached skill level 6 in Necromancy
 10181 | Lair:6   | Reached skill level 9 in Fighting
 10230 | Lair:6   | Reached skill level 5 in Dodging
 10463 | D:9      | You fall into a shaft and drop 2 floors!
 10488 | D:11     | Identified the cursed +0 leather armour of Boredom {*Drain
                  | rElec rC+ Dex+5} (You found it on level 11 of the Dungeon)
 10525 | D:11     | Noticed Snorg
 10532 | D:11     | Killed Snorg
 10609 | D:11     | Noticed Sonja
 10611 | D:11     | Noticed Sonja
 10611 | D:11     | Sonja changed into Sonja the basilisk
 10615 | D:11     | Killed Sonja the basilisk
 10631 | D:11     | Identified the +5 war axe "Pairyc" {venom, Will- Str+4
                  | Int+7} (You found it on level 11 of the Dungeon)
 10647 | D:11     | Reached skill level 10 in Fighting
 10786 | D:12     | You fall into a shaft and drop 2 floors!
 10817 | D:14     | Noticed Nessos
 10828 | D:14     | Noticed Nessos
 10828 | D:14     | Nessos changed into Nessos the mana viper
 10833 | D:14     | Killed Nessos the mana viper
 10882 | D:14     | Found a shimmering altar of Xom.
 10946 | D:14     | Noticed Agnes
 10952 | D:14     | Killed Agnes
 10966 | D:14     | Found Rurado's Weapon Emporium.
 10980 | D:14     | Found Pestra's Armour Emporium.
 10983 | D:14     | Bought a scarf of resistance for 544 gold pieces
 11071 | D:14     | Noticed Jorgrun
 11082 | D:14     | Killed Jorgrun
 11083 | D:14     | Reached skill level 13 in Ice Magic
 11127 | D:14     | Found a gate to the Vaults.
 11205 | D:14     | Offered knowledge of Starburst by Vehumet.
 11254 | D:14     | Noticed Kirke
 11262 | D:14     | Killed Kirke
 11281 | D:15     | Entered Level 15 of the Dungeon
 11294 | D:15     | Noticed Louise
 11313 | D:15     | Reached skill level 14 in Ice Magic
 11317 | D:15     | Killed Louise
 11390 | D:15     | Reached XP level 17. HP: 84/128 MP: 13/33
 11405 | D:15     | Found a frozen archway.
 11414 | IceCv    | Entered an ice cave
 11432 | IceCv    | Found a transporter.
 11531 | IceCv    | Found a transporter.
 11545 | IceCv    | Got a shimmering leather armour
 11610 | D:15     | Found a staircase to the Depths.
 11752 | D:15     | Reached skill level 15 in Ice Magic
 11975 | D:13     | Found a bloodstained altar of Trog.
 12131 | D:13     | Offered knowledge of Ozocubu's Refrigeration by Vehumet.
 12152 | D:13     | Learned a level 6 spell: Ozocubu's Refrigeration
 12224 | D:13     | Found a flickering gateway to a bazaar.
 12236 | Bazaar   | Entered a bazaar
 12236 | Bazaar   | Found Jucytz's Book Boutique.
 12236 | Bazaar   | Found Ubaevil's Jewellery Shop.
 12236 | Bazaar   | Found Suisaano's Armour Boutique.
 12236 | Bazaar   | Found Dassa's Gadget Boutique.
 12236 | Bazaar   | Found Xeiqenusch's Antique Weapon Shop.
 12236 | Bazaar   | Found Cucit's Antique Weapon Boutique.
 12307 | D:12     | Found a runed translucent gate.
 12307 | D:12     | Found a runed translucent gate.
 12307 | D:12     | Found a runed translucent gate.
 12308 | D:12     | Noticed Mocet's ghost (journeyman GnVM)
 12437 | Elf:1    | Entered Level 1 of the Elven Halls
 12447 | Elf:1    | Identified the +3 leather armour of the Untouchables {rElec
                  | rPois rCorr Int+5} (You found it in an ice cave)
 12506 | Elf:1    | Reached skill level 16 in Ice Magic
 12528 | Elf:1    | Identified Sif Muna's Reference Book on Conjuration
 12673 | Elf:3    | Entered Level 3 of the Elven Halls
 12743 | Elf:3    | Identified the +7 dagger of Zin's Righteous Fury {freeze,
                  | Fragile +Blink rN+}
 12744 | Elf:3    | Noticed a deep elf blademaster
 12745 | Elf:3    | Noticed a Tzitzimitl
 12745 | Elf:3    | Noticed a deep elf blademaster
 12746 | Elf:3    | Identified the +1 leather armour of the Snake Pit {rF+
                  | Regen+}
 12747 | Elf:3    | Reached skill level 17 in Ice Magic
 12747 | Elf:3    | Killed a deep elf blademaster
 12748 | Elf:3    | Reached XP level 18. HP: 127/134 MP: 34/34
 12749 | Elf:3    | Killed a deep elf blademaster
 12751 | Elf:3    | Reached skill level 18 in Ice Magic
 12808 | Elf:3    | Noticed a deep elf master archer
 12821 | Elf:3    | Killed a deep elf master archer
 12862 | Elf:3    | Noticed a deep elf master archer
 12866 | Elf:3    | Killed a deep elf master archer
 12870 | Elf:3    | Identified the +5 morningstar "Bieny" {flame, rPois Will+
                  | Str+4 Int+2}
 12945 | Elf:3    | Offered knowledge of Chain Lightning by Vehumet.
 12945 | Elf:3    | Offered knowledge of Ignition by Vehumet.
 12945 | Elf:3    | Offered knowledge of Absolute Zero by Vehumet.
 12962 | Elf:3    | Identified the cursed ring "Lootupt" {AC-4 Dex+2}
 12993 | Elf:3    | Learned a level 4 spell: Passage of Golubria
 13033 | Elf:3    | Identified the Collected Works on Feathers and the Compass
 13086 | Elf:3    | Reached skill level 5 in Translocations
 13298 | Lair:1   | You fall into a shaft and drop 1 floor!
 13313 | Snake:1  | Entered Level 1 of the Snake Pit
 13335 | Snake:1  | Noticed Frances
 13340 | Snake:1  | Killed Frances
 13346 | Snake:1  | Noticed Aizul
 13351 | Snake:1  | Reached skill level 6 in Translocations
 13353 | Snake:1  | Killed Aizul
 13380 | Snake:1  | Found a basalt altar of Yredelemnul.
 13383 | Snake:1  | Reached skill level 7 in Translocations
 13446 | Snake:2  | Reached XP level 19. HP: 83/140 MP: 4/35
 13537 | Snake:3  | Reached skill level 8 in Translocations
 13538 | Snake:3  | Reached skill level 19 in Ice Magic
 13616 | Snake:4  | Entered Level 4 of the Snake Pit
 13728 | Snake:4  | Reached skill level 20 in Ice Magic
 13837 | Snake:4  | Learned a level 9 spell: Absolute Zero
 13965 | Snake:4  | HP: 6/140 [poisoned by a nagaraja (bolt of poison)]
 13968 | Snake:4  | HP: 1/140 [poisoned by a nagaraja (bolt of poison)]
 13969 | Snake:4  | Succumbed to a nagaraja's bolt of poison

Illustrated notes

Levels and vault maps discovered:
D:1:      kennysheep_arrival_seaside, layout_basic
D:2:      layout_basic, lemuel_doored_altar, serial_bayou_pond_a,
          trog_hazing_becter
D:3:      layout_basic, lemuel_coloured_pillars_altar, grunt_dithmenos_smoke,
          uniq_terence
D:4:      layout_basic, kennysheep_little_box, gammafunk_ghost_split,
          uniq_blork_the_orc, uniq_crazy_yiuf_cottage
D:5:      minmay_recursive_quarters, layout_basic,
          nicolae_qazlal_general_emergency, nicolae_tso_besieged_by_evil,
          minmay_temple_entry_glass, kennysheep_generic_room_6, uniq_duvessa,
          uniq_pikel
D:6:      layout_basic, general_overflow_altar, kennysheep_slug_shrine,
          grunt_temple_overflow_open, portal_sewer_entry_b, lemuel_angel_altar
D:7:      layout_rooms, yredelemnul_forgotten_temple_becter,
          nicolae_ossuary_entry_monument
D:8:      layout_basic
D:9:      layout_irregular_city, nzn_wu_jian_council_hall, lair_entry_dummy,
          serial_shops, shop
D:10:     layout_loops_cross, zombieorc2_lemuel, nicolae_trove_entry_crossroad
D:11:     layout_roguey, uniq_snorg, uniq_sonja
D:12:     layout_layer_cave, gammafunk_ghost_spectres, uniq_psyche
D:13:     minmay_expanding_circles, layout_layer_cave, serial_shops,
          bzr_firewalk, trog_ov_bears_minmay
D:14:     layout_roguey, skrybe_vaults_entry_preservation, basic_altar,
          serial_shops, kennysheep_mini, shop, hex_medium,
          kennysheep_generic_room_11, uniq_nessos, uniq_jorgrun, uniq_kirke,
          uniq_agnes
D:15:     gammafunk_depths_entry_grave, layout_rooms,
          portal_ice_cave_entry_pillars_1, minmay_misc_feat_chi, uniq_louise
Temple:   compressed_dpeg_circular_temple
Lair:1:   layout_gridlike, ebering_ghost_inner_flame, gauntlet_entry_generic
Lair:2:   layout_gridlike, minmay_snake_entry_guardpost_small
Lair:3:   layout_hall_layers, chequers_serial_rivers_micro_c
Lair:4:   layout_gridlike, elwin_shoals_entry_rocks, minmay_lair_oklob_chamber,
          lemuel_fruit_tree
Lair:5:   layout_layer_cave, st_stairs_6
Lair:6:   evilmike_catoblepas_cave, layout_gridlike,
          dpeg_slime_entry_enclosed_altar
Snake:1:  layout_misc_corridors, basic_altar, uniq_aizul, uniq_frances
Snake:2:  layout_onion_interference, gammafunk_ghost_wrathful_warriors,
          guppyfry_snake_island, minmay_shop_star
Snake:3:  layout_chambers, minmay_shoptagon, grunt_megastairs_1, uniq_roxanne
Snake:4:  grunt_snake_rune_spirals, layout_onion, abandoned_shop
Orc:1:    layout_diamond_mine, mines2_david, uniq_nergalle
Orc:2:    st_orc_open, layout_caves
Elf:1:    layout_geoelf_octagon, serial_shops, nicolae_shop_window_shopping,
          minmay_elf_annihilation
Elf:2:    layout_onion_city
Elf:3:    elf_hall, layout_geoelf_diagonals, serial_shops,
          nicolae_shop_waterfront, hangedman_elven_ridges

Skill      XL: |  1  2  3  4  5  6  7  8  9 10 11 12 13 14 15 16 17 18 19 |
---------------+----------------------------------------------------------+-----
Ice Magic      | 5 6 7 8 9 11 12 14 17 18 20 | 20.3
Fighting       | 2 4 5 7 8 10 | 10.0
Summonings     | 2 5 |  5.0
Spellcasting   | 3 4 5 6 9 12 | 12.0
Evocations     | 4 5 |  5.0
Transmutations | 3 11 | 11.0
Necromancy     | 4 5 6 |  6.0
Conjurations   | 3 4 |  4.0
Shields        | 6 13 15 | 15.0
Translocations | 2 4 7 8 |  8.0
Dodging        | 4 5 |  5.0
Armour         | 4 |  4.0
Stealth        | |  2.4

Action                   |  1- 3 |  4- 6 |  7- 9 | 10-12 | 13-15 | 16-18 | 19-21 || total
-------------------------+-------+-------+-------+-------+-------+-------+-------++-------
Melee: Spear             |    20 |    53 |       |       |       |       |       ||    73
       Unarmed           |     1 |       |       |       |       |       |       ||     1
       Trident           |       |     3 |     7 |       |       |       |       ||    10
       Battleaxe         |       |       |    44 |    75 |    37 |    46 |       ||   202
       Quarterstaff      |       |       |    69 |   147 |       |       |       ||   216
       Staff             |       |       |       |       |       |     2 |     4 ||     6
       Glaive            |       |       |       |       |       |       |     2 ||     2
Throw: Dart              |       |       |       |     2 |       |       |       ||     2
 Cast: Freeze            |    33 |    37 |     4 |     4 |       |       |       ||    78
       Frozen Ramparts   |     1 |    12 |    30 |    40 |    21 |    11 |       ||   115
       Summon Ice Beast  |       |       |    19 |    91 |   142 |    90 |     4 ||   346
       Ozocubu's Armour  |       |       |       |     2 |       |       |       ||     2
       Sublimation of Bl |       |       |       |    21 |   108 |    87 |    11 ||   227
       Hailstorm         |       |       |       |     8 |   150 |   123 |       ||   281
       Irradiate         |       |       |       |       |    63 |    45 |     8 ||   116
       Apportation       |       |       |       |       |    16 |    47 |     2 ||    65
       Ozocubu's Refrige |       |       |       |       |       |   114 |    61 ||   175
       Passage of Golubr |       |       |       |       |       |    14 |       ||    14
 Abil: Dig               |     6 |    63 |    98 |   120 |    46 |    74 |     4 ||   411
       Shaft Self        |       |       |       |       |     4 |     2 |       ||     6
Evoke: Wand              |       |       |       |     2 |     8 |    20 |     2 ||    32
       Condenser vane    |       |       |       |       |     1 |     3 |       ||     4
       Phial of floods   |       |       |       |       |       |     4 |     1 ||     5
  Use: Potion            |       |     1 |     1 |     3 |       |     1 |       ||     6
       Scroll            |       |       |    16 |    10 |    19 |     9 |       ||    54
 Stab: Sleeping          |       |     2 |       |     1 |       |       |       ||     3
       Distracted        |       |       |       |     2 |     1 |       |     1 ||     4
       Paralysed         |       |       |       |     2 |     1 |       |       ||     3
       Confused          |       |       |       |       |     1 |       |       ||     1
       Petrified         |       |       |       |       |       |     2 |       ||     2
Armor: Robe              |     8 |    12 |       |       |       |       |       ||    20
       Leather armour    |       |     2 |    64 |    92 |       |       |       ||   158
       Troll leather arm |       |       |       |    34 |    55 |    51 |     7 ||   147
Dodge: Dodged            |    24 |    61 |   103 |   230 |   103 |   124 |    18 ||   663
Block: Tower shield      |       |       |       |       |   132 |   291 |    60 ||   483
